Map: [ESL] Site Delta

Players

Erik

  • Race: Zerg Zerg
  • Spawn Location: 5:00

Astrea - Winner!

  • Race: Protoss Protoss
  • Spawn Location: 11:00

Event: ESL SC2 Masters 2024 Spring (Regional)

VOD

Have the link to the VOD?

Description

Time

  • Played on: April 20, 2024, 10:46 a.m.
  • Length: 16:21

All games in this series

Show
View Real Time Build Order
Export as new Build Order

Erik Zerg 

Build Orders: Hatch First 

Get SALT Encoding   

  12  0:00  Drone  
  13  0:12  Overlord  
  13  0:17  Drone  
  14  0:30  Drone x2  
  16  0:47  Hatchery  
  15  0:50  Drone  
  15  0:54  Drone  
  17  0:57  Drone  
  18  1:08  Extractor  
  17  1:12  Spawning Pool  
  17  1:15  Drone  
  17  1:18  Drone  
  18  1:28  Drone  
  19  1:38  Drone  
  20  1:50  Drone  
  21  1:59  Queen x2  
  21  2:00  Zergling x2  
  21  2:01  Overlord  
  26  2:10  Drone x2  
  26  2:13  Metabolic Boost  
  28  2:21  Drone x2  
  30  2:34  Queen  
  30  2:35  Queen  
  34  2:38  Overlord  
  34  2:42  Overlord  
  34  2:47  Drone x2  
  36  2:56  Zergling x4  
  38  3:04  Zergling x2  
  39  3:07  Drone  
  39  3:09  Drone  
  39  3:10  Drone x5  
  46  3:17  Drone x2  
  48  3:28  Overlord, Hatchery  
  48  3:31  Overlord  
  47  3:42  Drone x5  
  47  3:44  Overlord  
  47  3:46  Drone x2  
  54  3:53  Lair  
  54  3:55  Extractor  
  53  3:57  Extractor  
  53  3:58  Extractor, Queen  
  53  4:04  Zergling x4  
  53  4:06  Drone x2  
  57  4:12  Spore Crawler, Drone  
  57  4:13  Drone x3  
  60  4:21  Overlord  
  60  4:22  Drone x3  
  62  4:33  Overlord  
  62  4:38  Overlord  
  62  4:39  Spore Crawler  
  62  4:44  Drone  
  62  4:45  Drone  
  62  4:46  Drone x4  
  62  4:48  Baneling Nest  
  62  4:49  Evolution Chamber, Drone  
  66  4:55  Spire  
  62  5:02  Drone x4  
  62  5:06  Drone  
  67  5:12  Drone x4  
  71  5:16  Zerg Melee Weapons Level 1  
  71  5:18  Drone x2  
  73  5:23  Spore Crawler  
  73  5:28  Drone x4, Extractor  
  75  5:33  Drone  
  75  5:41  Zergling x12  
  75  5:42  Extractor  
  80  5:43  Overlord  
  80  5:49  Overlord  
  80  5:50  Overlord x2  
  80  6:00  Overlord  
  80  6:08  Mutalisk x6  
  92  6:16  Mutalisk x2, Zerg Flyer Weapons Level 1  
  96  6:22  Mutalisk  
  96  6:25  Zergling x10  
  103  6:37  Zergling x2  
  103  6:38  Zergling x12  
  103  6:39  Centrifugal Hooks  
  110  6:40  Baneling x5  
  110  6:44  Mutalisk  
  111  6:51  Drone x2  
  111  6:52  Drone  
  114  7:02  Mutalisk x3  
  114  7:03  Hatchery  
  118  7:15  Drone x3  
  121  7:16  Overlord x4  
  115  7:32  Mutalisk x3  
  115  7:34  Overlord x3  
  121  7:39  Mutalisk x3  
  127  7:49  Zerg Melee Weapons Level 2  
  126  7:56  Mutalisk  
  128  7:59  Drone x2  
  128  8:00  Extractor, Drone x8  
  128  8:02  Extractor  
  128  8:04  Infestation Pit  
  135  8:07  Zergling x8  
  135  8:08  Baneling x6  
  139  8:14  Mutalisk  
  139  8:18  Drone x3  
  141  8:28  Mutalisk x2  
  144  8:39  Mutalisk x2  
  143  8:41  Zergling x2  
  143  8:42  Zergling x22  
  154  9:00  Baneling  
  154  9:01  Baneling x4  
  153  9:03  Zerg Flyer Weapons Level 2  
  153  9:06  Hatchery  
  153  9:07  Mutalisk x2  
  156  9:13  Zergling x22  
  160  9:29  Hatchery  
  137  9:42  Corruptor x8  
  135  9:45  Zergling x2  
  135  9:46  Zergling x10  
  133  9:55  Mutalisk x3  
  137  10:00  Zergling x12  
  137  10:01  Zergling x2  
  113  10:23  Corruptor x3  
  113  10:25  Zergling x2  
  113  10:26  Zergling x24  
  132  10:34  Zergling x16  
  122  10:46  Hive  
  122  10:49  Zergling x2  
  121  10:50  Zergling x8  
  105  11:02  Zergling x20  
  105  11:07  Zergling x2  
  105  11:08  Zergling x14  
  112  11:15  Zergling x2  
  108  11:34  Extractor  
  108  11:35  Extractor  
  108  11:39  Mutalisk x3  
  111  11:44  Mutalisk x2  
  111  11:45  Mutalisk x7  
  125  11:51  Extractor x2  
  123  11:55  Mutalisk x2  
  123  11:57  Mutalisk  
  129  12:05  Drone x5  
  129  12:06  Drone x3  
  137  12:10  Queen  
  137  12:15  Adrenal Glands  
  139  12:22  Zergling x8  
  139  12:25  Drone  
  139  12:28  Drone  
  139  12:29  Drone  
  135  12:36  Mutalisk  
  135  12:37  Mutalisk  
  133  12:40  Drone x3  
  138  12:46  Spore Crawler, Drone x2  
  133  13:05  Mutalisk x6  
  145  13:17  Mutalisk x2  
  147  13:20  Zergling x2  
  147  13:21  Zergling x6  
  133  13:36  Mutalisk  
  133  13:37  Mutalisk x2  
  134  13:43  Zergling x10  
  132  13:48  Burrow  
  92  14:23  Overseer x2  
  73  14:38  Zergling x12  
  55  15:45  Drone  
  50  15:57  Drone  
Show
View Real Time Build Order
Export as new Build Order

Astrea Protoss - Winner!

Build Orders: 1 Gate Expand, Oracle Opening 

Get SALT Encoding   

  12  0:00  Probe  
  13  0:12  Probe  
  14  0:17  Pylon  
  14  0:24  Probe (Chrono Boost)  
  15  0:36  Probe (Chrono Boost)  
  15  0:39  Gateway  
  16  0:45  Probe (Chrono Boost)  
  16  0:46  Assimilator  
  17  0:51  Probe  
  18  1:03  Probe  
  19  1:15  Probe  
  20  1:25  Nexus  
  20  1:27  Probe  
  21  1:34  Cybernetics Core  
  21  1:41  Assimilator  
  21  1:43  Probe  
  22  1:50  Pylon  
  22  1:55  Probe  
  24  2:08  Probe (Chrono Boost)  
  24  2:11  Adept  
  26  2:18  Stargate, Probe (Chrono Boost)  
  27  2:23  Probe (Chrono Boost)  
  27  2:28  Warp Gate  
  28  2:34  Probe (Chrono Boost)  
  30  2:39  Probe (Chrono Boost)  
  30  2:41  Adept  
  30  2:44  Probe (Chrono Boost)  
  33  2:46  Probe (Chrono Boost)  
  33  2:50  Probe (Chrono Boost)  
  33  2:51  Probe (Chrono Boost)  
  36  3:01  Probe  
  36  3:05  Void Ray (Chrono Boost)  
  41  3:08  Probe  
  41  3:09  Pylon  
  42  3:14  Adept  
  42  3:16  Probe  
  45  3:20  Probe  
  45  3:23  Gateway  
  46  3:28  Probe  
  46  3:32  Probe  
  48  3:34  Oracle (Chrono Boost)  
  51  3:42  Probe  
  52  3:49  Nexus  
  52  3:51  Pylon  
  52  3:53  Probe  
  53  3:59  Probe  
  53  4:02  Assimilator  
  54  4:05  Assimilator  
  54  4:09  Oracle, Probe  
  58  4:12  Probe  
  58  4:13  Pylon  
  59  4:18  Shield Battery  
  59  4:21  Probe  
  59  4:24  Probe  
  61  4:32  Stalker  
  61  4:34  Probe  
  61  4:36  Probe  
  65  4:39  Robotics Facility  
  65  4:40  Forge  
  65  4:43  Gateway  
  65  4:46  Probe  
  65  4:48  Probe  
  67  4:53  Pylon  
  67  4:58  Probe  
  68  5:00  Probe (Chrono Boost)  
  68  5:04  Probe (Chrono Boost)  
  68  5:06  Sentry x2, Protoss Ground Weapons Level 1 (Chrono Boost)  
  74  5:10  Probe (Chrono Boost)  
  74  5:12  Pylon  
  74  5:13  Probe (Chrono Boost)  
  77  5:16  Probe (Chrono Boost)  
  77  5:19  Probe (Chrono Boost)  
  77  5:20  Probe (Chrono Boost)  
  77  5:21  Probe (Chrono Boost)  
  79  5:24  Probe  
  79  5:26  Probe  
  82  5:30  Probe  
  82  5:34  Observer  
  83  5:36  Probe  
  83  5:37  Robotics Bay  
  83  5:38  Probe  
  83  5:41  Stalker x3  
  83  5:42  Probe  
  93  5:47  Assimilator  
  93  5:48  Probe  
  93  5:49  Twilight Council  
  94  5:50  Pylon, Assimilator  
  94  5:51  Probe  
  94  5:53  Pylon  
  95  5:57  Phoenix  
  95  5:58  Probe  
  98  6:07  Gateway x2  
  98  6:09  Gateway  
  98  6:10  Pylon  
  98  6:12  Pylon  
  98  6:15  Blink  
  98  6:23  Photon Cannon  
  98  6:24  Photon Cannon  
  98  6:25  Photon Cannon  
  98  6:27  Phoenix (Chrono Boost)  
  100  6:40  Stalker x3  
  100  6:41  Protoss Ground Armor Level 1 (Chrono Boost)  
  100  6:46  Shield Battery  
  106  6:50  Phoenix (Chrono Boost)  
  108  7:03  Gateway x2  
  104  7:10  Gateway  
  104  7:12  Pylon  
  104  7:14  Stalker x4  
  112  7:19  Phoenix  
  110  7:31  Probe x3  
  110  7:36  Colossus (Chrono Boost)  
  113  7:43  Probe x3  
  122  7:44  Phoenix (Chrono Boost)  
  122  7:47  Gateway  
  122  7:48  Gateway  
  124  7:55  Probe  
  124  7:57  Probe  
  122  8:03  Photon Cannon  
  122  8:07  Phoenix (Chrono Boost)  
  122  8:09  Photon Cannon  
  122  8:12  Stargate, Fleet Beacon  
  124  8:13  Stalker x2  
  124  8:17  Nexus  
  128  8:21  Pylon  
  126  8:28  Pylon  
  126  8:29  Phoenix  
  126  8:36  Probe x2  
  120  8:43  Probe  
  121  8:48  Probe  
  121  8:51  Charge  
  121  8:54  Phoenix  
  121  8:55  Phoenix  
  126  9:01  Anion Pulse-Crystals (Chrono Boost)  
  126  9:02  Stalker  
  128  9:10  Protoss Ground Weapons Level 2 (Chrono Boost)  
  128  9:12  Nexus  
  128  9:15  Photon Cannon  
  128  9:20  Zealot x3, Phoenix  
  135  9:25  Stalker  
  127  9:35  Zealot x3  
  126  9:47  Probe x2  
  126  9:50  Pylon  
  124  9:54  Phoenix  
  124  9:55  Phoenix  
  124  9:57  Pylon  
  122  10:04  Probe  
  123  10:12  Probe  
  123  10:14  Stalker  
  121  10:20  Phoenix  
  119  10:24  Stalker x2  
  123  10:29  Sentry, Stalker  
  124  10:40  Stalker x3  
  124  10:49  Probe x3 (Chrono Boost)  
  128  10:58  Probe x4 (Chrono Boost)  
  128  11:00  Stalker  
  128  11:03  Probe x2 (Chrono Boost)  
  128  11:04  Probe x2  
  125  11:15  Probe x2  
  125  11:16  Probe  
  128  11:19  Probe  
  128  11:22  Templar Archives  
  128  11:24  Stalker  
  128  11:25  Stalker  
  133  11:27  Probe x2  
  135  11:34  Probe x2  
  135  11:37  Stalker x3  
  135  11:39  Probe  
  144  11:41  Probe  
  144  11:44  Stalker  
  144  11:46  Probe  
  140  11:48  Probe  
  140  11:49  Pylon  
  140  11:51  Probe  
  140  11:53  Probe  
  139  11:58  High Templar x2  
  143  12:01  High Templar x2  
  143  12:02  Archon  
  143  12:03  Protoss Air Weapons Level 1  
  143  12:06  Archon  
  143  12:07  Probe x2  
  149  12:08  Shield Battery  
  149  12:10  Photon Cannon  
  149  12:12  Probe x2  
  149  12:13  Pylon  
  151  12:16  Assimilator  
  151  12:29  High Templar x2  
  155  12:30  Zealot x5  
  155  12:33  Archon  
  155  12:36  Probe  
  166  12:41  Assimilator  
  166  12:44  Pylon  
  166  12:47  Pylon  
  166  12:49  Pylon  
  166  12:55  Probe  
  166  12:58  Probe x3  
  155  13:06  Photon Cannon  
  155  13:07  Probe  
  155  13:10  Probe x3  
  155  13:11  Stalker x3  
  155  13:12  Stalker x4  
  173  13:19  Probe  
  172  13:21  Pylon  
  172  13:22  Probe  
  173  13:31  Stalker x4  
  175  13:40  Zealot x3  
  175  13:41  Photon Cannon  
  173  13:42  Photon Cannon  
  173  13:43  Photon Cannon  
  173  13:46  Zealot  
  163  14:01  Zealot x4, Stalker  
  163  14:02  Stalker x2  
  124  14:30  Probe  
  117  14:35  Probe  
  118  14:43  Probe  
  117  14:47  Probe  
  117  14:49  Probe  
  111  14:55  Probe  
  111  14:59  Probe  
  113  15:01  Probe  
  113  15:03  High Templar x4  
  123  15:07  Probe  
  123  15:08  Archon x2  
  123  15:11  Probe  
  123  15:13  Probe  
  115  15:19  Probe  
  116  15:23  Probe  
  116  15:25  Probe  
  116  15:26  High Templar x4  
  126  15:31  Probe  
  126  15:34  Archon x2  
  126  15:35  Probe  
  125  15:37  Probe  
  125  15:41  Pylon  
  126  15:43  Probe  
  126  15:47  Probe  
  126  15:49  Probe  
  128  15:55  Probe  
  129  15:59  Probe  
  129  16:01  Probe  
  131  16:07  Probe  
  125  16:17  Photon Cannon  
  125  16:20  Cybernetics Core  
Tags
 
Add a new tag
Caveats
  • Supply blocks, unpowered buildings, or Contaminate may cause inaccurate times.
  • Supply counts are checked every 10 seconds.